 Dungeon Crawl Stone Soup version 0.29-a0-857-g9b1aa3ac5b (webtiles) character file.

Game seed: 4758031234493982737

275 Pooter the Chopper (level 6, -3/56 HPs)
             Began as a Minotaur Berserker on July 16, 2022.
             Was a Believer of Trog.
             Engulfed by a cloud of flame (20 damage)
             ... on level 3 of the Dungeon.
             The game lasted 00:10:05 (2255 turns).

Pooter the Chopper (Minotaur Berserker)             Turns: 2255, Time: 00:10:06

Health: -3/56      AC:  6    Str: 23    XL:     6   Next: 3%
Magic:  5/5        EV: 10    Int:  4    God:    Trog [**....]
Gold:   68         SH:  0    Dex: 10    Spells: 5/5 levels left

rFire   . . .      SeeInvis .   a - +0 war axe
rCold   . . .      Faith    .   (no shield)
rNeg    . . .      Spirit   .   j - +0 scale mail
rPois   .          Reflect  .   (helmet restricted)
rElec   .          Harm     .   (no cloak)
rCorr   .          Rampage  .   (no gloves)
Will    .....                   (no boots)
Stlth   ..........              f - amulet of regeneration
HPRegen 0.98/turn               (no ring)
MPRegen 0.09/turn               (no ring)

@: no status effects
A: horns 2, retaliatory headbutt
a: Renounce Religion, Berserk, Trog's Hand


You were on level 3 of the Dungeon.
You worshipped Trog.
Trog was pleased with you.
You visited 1 branch of the dungeon, and saw 3 of its levels.
You also visited: Sewer.

You collected 145 gold pieces.
You spent 77 gold pieces at shops.

Inventory:

Hand Weapons
 a - a +0 war axe (weapon)
   (You took it off an orc on level 3 of the Dungeon)
 k - a +0 trident
   (You found it on level 2 of the Dungeon)
 l - a +2 vampiric hand axe
   (You found it on level 1 of the Dungeon)
Missiles
 m - 12 poisoned darts
 Q - 23 stones (quivered)
Armour
 j - a +0 scale mail (worn)
   (You found it on level 1 of the Dungeon)
Jewellery
 f - an amulet of regeneration (around neck)
   (You found it on level 1 of the Dungeon)
 h - a ring of ice
   (You found it on level 1 of the Dungeon)
Scrolls
 i - a scroll of amnesia {unknown}
 p - a scroll of enchant armour {unknown}
 r - a scroll of magic mapping {unknown}
 s - a scroll of fear {unknown}
 t - 2 scrolls of teleportation {@r4}
 u - a scroll of poison {unknown}
Potions
 b - a potion of mutation {unknown}
 c - 2 potions of lignification {unknown}
 d - 4 potions of heal wounds {@q2}
 g - a potion of might
 n - a potion of cancellation {unknown}
 o - a potion of ambrosia {unknown}
 q - a potion of magic {unknown}


   Skills:
 + Level 5.5 Fighting
 * Level 7.0 Axes
 - Level 2.4 Armour
 - Level 2.1 Dodging


You had 5 spell levels left.
You didn't know any spells.
Your spell library was empty.

Dungeon Overview and Level Annotations

Branches:
Dungeon (3/15)              Sewer (visited)

Altars:
Sif Muna

Shops:
D:2 ?


Innate Abilities, Weirdness & Mutations

You have a pair of horns on your head.
You reflexively headbutt those who attack you in melee.


Message History

Trog accepts your kill.
You see here a +0 dagger.
Robin, 2 hobgoblins and 7 goblins come into view.
Robin shouts!
The goblin shouts! x4; You hear a shout!
Really read
e - a scroll of immolation {!r}?
Really read the scroll of immolation?
As you read the scroll of immolation {!r}, it crumbles to dust.
The creatures around you are filled with an inner flame!
A hobgoblin comes into view.
You aren't carrying any items that you can evoke.
Okay, then.
You hit the goblin. Trog accepts your kill.
The goblin explodes!
The fiery explosion engulfs you!!!
Ouch! That really hurt!
* * * LOW HITPOINT WARNING * * *
The fiery explosion engulfs the goblin!!
Trog accepts your kill.
The fiery explosion engulfs the goblin!!!
Trog accepts your kill.
The goblin explodes!
The fiery explosion engulfs the goblin!!
Trog accepts your kill.
The fiery explosion engulfs the hobgoblin!
Trog accepts your kill.
The hobgoblin explodes!
The fiery explosion engulfs the goblin!!!
Trog accepts your kill.
The goblin explodes!
The fiery explosion engulfs the goblin!!
Trog accepts your kill.
The goblin explodes!
The fiery explosion engulfs the goblin!!
Trog accepts your kill.
The fiery explosion engulfs Robin!!!
Trog accepts your kill.
The fiery explosion engulfs the hobgoblin!!!
You kill the hobgoblin!
Trog accepts your kill.
The fiery explosion engulfs the hobgoblin!!
Trog accepts your kill.
The hobgoblin explodes!
Trog accepts your kill.
You feel a bit more experienced. Trog accepts your kill.
You feel a bit more experienced.
The goblin explodes! x3
You are engulfed in blazing flames.
You die...

####
##############..##
.......... ......
#....#########..####
#.##............@§§#
#.#############.#§§#
#...........# #.#§§#
##....#####)# #.#§§#
......# #.# #.#§§#
##....# #.# #.#§§#
#....# #.# #.#§§#
#.#### #.# #.#§§#
#.# #.# #.#


There were no monsters in sight!

Vanquished Creatures
  3 kobold brigands (Sewer)
  Robin (D:3)
  An adder (D:2)
  A worm (Sewer)
  2 dart slugs
  An orc (D:3)
  2 bats
  9 endoplasms
  A giant cockroach (D:2)
  11 goblins
  6 hobgoblins
  3 jackals (D:3)
  12 kobolds
  7 ball pythons
  5 frilled lizards
  9 rats
74 creatures vanquished.

Vanquished Creatures (others)
  A plant (D:1)
1 creature vanquished.

Grand Total: 75 creatures vanquished

Notes
Turn   | Place    | Note
-------+----------+-------------------------------------------
     0 | D:1      | Pooter the Minotaur Berserker began the quest for the Orb.
     0 | D:1      | Reached XP level 1. HP: 19/19 MP: 0/0
   174 | D:1      | Reached skill level 4 in Axes
   284 | D:1      | Reached XP level 2. HP: 27/27 MP: 1/1
   630 | D:1      | Reached ** piety under Trog
   947 | D:2      | Found a shimmering blue altar of Sif Muna.
   957 | D:2      | Reached XP level 3. HP: 31/33 MP: 2/2
  1101 | D:2      | Found Ewelun's Magic Scroll Shop.
  1109 | D:2      | Bought a scroll of identify for 22 gold pieces
  1109 | D:2      | Bought a scroll of identify for 22 gold pieces
  1109 | D:2      | Bought a scroll of teleportation for 33 gold pieces
  1202 | D:2      | Reached skill level 5 in Axes
  1551 | D:2      | Found a faded altar of an unknown god.
  1788 | D:3      | Found a glowing drain.
  1814 | Sewer    | Entered a sewer
  1860 | Sewer    | Noticed a kobold brigand
  1871 | Sewer    | Killed a kobold brigand
  1872 | Sewer    | Reached skill level 6 in Axes
  1872 | Sewer    | Reached XP level 4. HP: 41/41 MP: 3/3
  2046 | Sewer    | Noticed a kobold brigand
  2046 | Sewer    | Noticed a kobold brigand
  2056 | Sewer    | Killed a kobold brigand
  2057 | Sewer    | Reached skill level 5 in Fighting
  2057 | Sewer    | Reached XP level 5. HP: 31/48 MP: 4/4
  2063 | Sewer    | Reached skill level 7 in Axes
  2063 | Sewer    | Reached XP level 6. HP: 18/56 MP: 5/5
  2253 | D:3      | Noticed Robin
  2255 | D:3      | Killed Robin
  2255 | D:3      | Engulfed by a cloud of flame

Illustrated notes

Levels and vault maps discovered:
D:1:      minmay_arrival_hallway, layout_basic, hangedman_glass_teeth,
          minmay_misc_feat_five, minmay_shallow_snake_nest
D:2:      layout_basic, shapermc_ecumenical_altar_acropolis, serial_shops, shop,
          basic_altar
D:3:      layout_basic, nicolae_overflow_ecumenical_swirl,
          cheibrodos_sewer_entry_drain, uniq_robin, uniq_jessica

Skill      XL: |  1  2  3  4  5 |
---------------+----------------+-----
Axes           | 4 6 7 |  7.0
Fighting       | 4 5 |  5.5
Armour         | |  2.4
Dodging        | |  2.1

Action                   |  1- 3 |  4- 6 || total
-------------------------+-------+-------++-------
Melee: Hand axe          |    69 |       ||    69
       Headbutt          |     9 |     2 ||    11
       War axe           |    16 |    42 ||    58
       Punch             |       |     1 ||     1
Throw: Stone             |    11 |       ||    11
Invok: Berserk           |     2 |     1 ||     3
       Trog's Hand       |     1 |     1 ||     2
  Use: Scroll            |     4 |     1 ||     5
Armor: Animal skin       |     6 |       ||     6
       Scale mail        |    19 |    17 ||    36
Dodge: Dodged            |    46 |    15 ||    61

Table legend: (Time is in decaauts)
 A = Elapsed time spent in this place.
 B = Non-inter-level travel time spent in this place.
 C = Inter-level travel time spent in this place.
 D = Time resting spent in this place.
 E = Time spent auto-exploring this place.
 F = Levels seen in this place.
 G = Mean time per level.
                   A        B        C        D        E       F      G
               +--------+--------+--------+--------+--------+-----+--------+
         Total |   2355 |   2335 |     20 |    148 |   1646 |   4 |  588.8 |
       Dungeon |   1933 |   1913 |     20 |     56 |   1515 |   3 |  644.3 |
         Sewer |    421 |    421 |      0 |     92 |    130 |   1 |  421.0 |
               +--------+--------+--------+--------+--------+-----+--------+

Top non-repeatable levels by time:
     D:2: 901 daAuts
     D:1: 901 daAuts
   Sewer: 421 daAuts
     D:3: 131 daAuts
